 Dungeon Crawl Stone Soup version 0.20-a0-277-g7db01f4 (webtiles) character file.

170 balthal the Skirmisher (level 5, -8/53 HPs)
             Began as an Ogre Arcane Marksman on Dec 12, 2016.
             Killed by divine providence
             ... invoked by an orc priest
              (14 damage)
             ... on level 3 of the Dungeon.
             The game lasted 00:07:50 (2196 turns).

balthal the Skirmisher (Ogre Arcane Marksman)       Turns: 2196, Time: 00:07:51

Health: -8/53      AC:  3    Str: 16    XL:     5   Next: 50%
Magic:  6/6        EV: 10    Int: 12    God:
Gold:   81         SH:  0    Dex: 10    Spells: 3/6 levels left

rFire  . . .     SeeInvis .     b - +0 dagger (venom)
rCold  . . .     Gourm    .     e - +0 robe
rNeg   . . .     Faith    .     (no shield)
rPois  .         Spirit   .     (helmet restricted)
rElec  .         Reflect  .     (no cloak)
rCorr  .         Harm     .     (gloves unavailable)
MR     .....                    (boots unavailable)
Stlth  +.........               (no amulet)
                                (no ring)
                                (no ring)

@: no status effects
A: unfitting armour, tough skin 1
a: no special abilities


You were on level 3 of the Dungeon.
You were not hungry.

You visited 1 branch of the dungeon, and saw 3 of its levels.

You collected 81 gold pieces.

Inventory:

Hand Weapons
 a - a +0 hand crossbow
 b - a +0 dagger of venom (weapon)
 q - a +0 hunting sling
Missiles
 d - 5 tomahawks (quivered)
 o - 7 needles of confusion
Armour
 e - a +0 robe (worn)
Jewellery
 h - an uncursed ring of protection from fire {unknown}
 l - an uncursed amulet of rage {unknown}
Wands
 k - a wand of paralysis (11/24)
Scrolls
 i - a scroll of teleportation {unknown}
 j - 4 scrolls of identify {unknown}
 m - a scroll of recharging {unknown}
 n - a scroll of remove curse {unknown}
Potions
 g - a potion of lignification
Books
 c - a book of Debilitation

   Spells                             Type                      Level
   a - Corona                         Hexes                        1
   b - Slow                           Hexes                        2
   c - Gell's Gravitas                Hexes/Translocation          3
   d - Inner Flame                    Hexes/Fire                   3
   e - Cause Fear                     Hexes                        4
   f - Leda's Liquefaction            Hexes/Earth                  4
Comestibles
 f - a bread ration
 p - a meat ration


   Skills:
 + Level 3.3 Fighting
 + Level 0.5 Short Blades
 + Level 2.5 Crossbows
 + Level 2.8 Dodging
 + Level 0.1 Stealth
 + Level 0.3 Unarmed Combat
 + Level 1.3 Spellcasting
 + Level 2.5 Hexes


You had 3 spell levels left.
You knew the following spells:

 Your Spells              Type           Power        Failure   Level  Hunger
a - Corona                Hex            #......      12%         1    ##.....
b - Slow                  Hex            #.......     17%         2    ###....


Dungeon Overview and Level Annotations

Branches:
Dungeon (3/15)

Altars:


Innate Abilities, Weirdness & Mutations

You are too large for most types of armour.
You have tough skin. (AC +1)


Message History

A jackal comes into view.
You hit the orc priest but do no damage.
The orc priest is poisoned.
The orc priest hits you with a club. The orc hits you with a hand axe.
You hit the orc priest.
The orc priest looks even sicker.
The orc priest is lightly wounded.
The orc priest barely misses you. The orc hits you with a hand axe.
You hit the orc priest but do no damage.
The orc priest looks as sick as possible!
The orc priest is lightly wounded.
The orc priest hits you but does no damage.
The orc hits you with a hand axe.
* * * LOW HITPOINT WARNING * * *
A jackal comes into view.
The orc priest invokes the aid of Beogh against you.
Pain shoots through your body!
* * * LOW HITPOINT WARNING * * *
The orc priest calls down the wrath of Beogh upon you.
Beogh smites you!
You die...

#.....####.#
#.....####.# #####
#.......##.#####....#
#....................
#.........>..........
#..........(..)...h..
###..................
#..........h.......
..........@o).......
..............o......
.....................
....###...........
... #....###.... .
#....# .... #....#
### #.....


You could see an orc priest, an orc and 2 jackals.

Vanquished Creatures
  Terence (D:3)
  Natasha (twice) (D:3)
  3 adders (D:2)
  An ooze (D:2)
  3 dart slugs (D:1)
  2 leopard geckos
  4 orcs (D:3)
  2 giant cockroaches
  6 goblins
  7 hobgoblins
  6 jackals
  5 bats
  A frilled lizard (D:1)
  7 kobolds
  3 rats (D:2)
53 creatures vanquished.

Notes
Turn   | Place    | Note
-------+----------+-------------------------------------------
     0 | D:1      | balthal the Ogre Arcane Marksman began the quest for the Orb.
     0 | D:1      | Reached XP level 1. HP: 19/19 MP: 2/2
   204 | D:1      | Reached XP level 2. HP: 27/27 MP: 3/3
   208 | D:1      | Learned a level 2 spell: Slow
   644 | D:1      | Reached XP level 3. HP: 33/33 MP: 4/4
   691 | D:1      | You fall through a shaft!
   888 | D:2      | Reached skill level 2 in Fighting
   888 | D:2      | Reached XP level 4. HP: 33/42 MP: 5/5
  1534 | D:3      | Noticed Natasha
  1534 | D:3      | Noticed Terence
  1552 | D:3      | Killed Natasha
  1771 | D:3      | Killed Terence
  1771 | D:3      | Reached skill level 3 in Fighting
  1771 | D:3      | Reached XP level 5. HP: 39/53 MP: 6/6
  1788 | D:3      | Noticed Natasha
  1811 | D:3      | Killed Natasha
  2196 | D:3      | Killed from afar by an orc priest

Vault maps used:
D:1:      ncdulo_wetmaze, serial_bayou_ford_a
D:2:      minmay_misc_feat_roman, kennysheep_generic_room_2
D:3:      uniq_natasha, uniq_terence, uniq_grinder

Skill      XL: |  1  2  3  4 |
---------------+-------------+-----
Dodging        | 2 |  2.8
Crossbows      | 2 |  2.5
Fighting       | 2 3 |  3.3
Short Blades   | |  0.5
Stealth        | |  0.1
Unarmed Combat | |  0.3
Spellcasting   | |  1.3
Hexes          | |  2.5

Action                   |  1- 3 |  4- 6 || total
-------------------------+-------+-------++-------
Melee: Unarmed           |    15 |    17 ||    32
       Dagger            |       |    81 ||    81
 Fire: Hand crossbow     |    80 |    20 ||   100
 Cast: Corona            |     4 |       ||     4
  Use: Potion            |       |     1 ||     1
  Eat: Meat ration       |       |     1 ||     1
Armor: Robe              |    21 |    14 ||    35
       Skin              |       |     2 ||     2
Dodge: Dodged            |    31 |    71 ||   102
